 Dungeon Crawl Stone Soup version 0.25-b1-23-ge2ad7d536c (webtiles) character file.

Game seed: 7707775733718432885, levelgen mode: deterministic

642 Hugehornet the Chopper (level 7, -10/61 HPs)
             Began as a Gargoyle Fighter on May 28, 2020.
             Mangled by an ogre
             ... wielding a +0 giant club
              (15 damage)
             ... on level 4 of the Dungeon.
             The game lasted 00:05:48 (2960 turns).

Hugehornet the Chopper (Gargoyle Fighter)           Turns: 2960, Time: 00:05:48

Health: -10/61     AC: 15    Str: 16 (19) XL:     7   Next: 51%
Magic:  7/7        EV:  4    Int:  9 (11) God:
Gold:   151        SH:  8    Dex:  7 (9)  Spells: 6/6 levels left

rFire    . . .     SeeInvis .   a - +0 war axe
rCold    . . .     Gourm    .   c - +0 kite shield
rNeg     + + .     Faith    .   o - +0 chain mail
rPois    ∞         Spirit   .   v - +0 helmet
rElec    +         Reflect  .   (no cloak)
rCorr    .         Harm     .   (no gloves)
MR       .....                  (no boots)
Stlth    ..........             (no amulet)
HPRegen  0.20/turn              p - ring of positive energy
MPRegen  0.10/turn              (no ring)

@: berserking, very quick
A: negative energy resistance 1, electricity resistance, unbreathing,
petrification resistance, rot immunity, AC +4
a: no special abilities


You were on level 4 of the Dungeon.
You were hungry.

You visited 1 branch of the dungeon, and saw 4 of its levels.

You collected 151 gold pieces.

Inventory:

Hand Weapons
 a - a +0 war axe (weapon)
Armour
 c - a +0 kite shield (worn)
 o - a +0 chain mail (worn)
 v - a +0 helmet (worn)
Jewellery
 p - a ring of positive energy (left hand)
Scrolls
 e - 2 scrolls of teleportation
 g - a scroll of immolation {unknown}
 l - 2 scrolls of amnesia {unknown}
 q - 3 scrolls of remove curse
 r - 2 scrolls of fear {unknown}
 s - a scroll of enchant armour {unknown}
 u - 3 scrolls of identify {unknown}
Potions
 h - a potion of brilliance
 i - a potion of stabbing {unknown}
 j - a potion of mutation {unknown}
 m - a potion of berserk rage
 n - a potion of haste {unknown}
 t - 3 potions of degeneration
 w - 2 potions of lignification {unknown}
 x - 2 potions of ambrosia {unknown}
Comestibles
 f - 5 rations


   Skills:
 - Level 3.2 Fighting
 + Level 7.5 Axes
 - Level 3.2 Armour
 - Level 3.2 Shields


You had 6 spell levels left.
You didn't know any spells.
Your spell library contained the following spells:

 Spells                   Type           Power        Failure   Level  Hunger
 Beastly Appendage        Tmut           #.....       100%        1    ##.....
 Sticks to Snakes         Tmut           #.......     100%        2    ###....
 Spider Form              Tmut/Pois      #.........   100%        3    ####...
 Ice Form                 Ice/Tmut       #.......     100%        4    #####..
 Blade Hands              Tmut           #.........   100%        5    ######.


Dungeon Overview and Level Annotations

Branches:
Dungeon (4/15)
 Temple: D:4-7

Altars:
Ru
The Shining One


Innate Abilities, Weirdness & Mutations

You are resistant to torment.
Your stone body is resilient. (AC +4)
You are immune to poison.
You resist negative energy. (rN+)
You are resistant to electric shocks. (rElec)
You can survive without breathing.
You are immune to petrification.
You are immune to rotting.


Message History

The ogre hits you but does no damage.
You hit the ogre.
The ogre is moderately wounded.
You block the gnoll sergeant's attack. The ogre hits you with a +0 giant club!
The gnoll barely misses you.
Your shield and chain mail prevent you from hitting the ogre.
The ogre is moderately wounded.
You block the gnoll sergeant's attack. The ogre hits you with a +0 giant club!
* * * LOW HITPOINT WARNING * * *
The gnoll sergeant barely misses you. The gnoll hits you but does no damage.
It was a potion of degeneration.
There was something very wrong with that liquid.
You feel weakened.
You feel dopey.
You feel clumsy. You block the ogre's attack.
The gnoll sergeant hits you but does no damage.
It was a potion of berserk rage.
A red film seems to cover your vision as you go berserk!
You feel yourself moving faster!
You feel mighty! The gnoll barely misses you.
The ogre hits you with a +0 giant club!
You die...

......... ##........ #
#......... ## ##..%......
.## #.......... ..##
#.g........ #..## ####
##g........
#...###..########Oggg......
.....[).........@####......
.....##.........### #....
##...##...........# ##.
##...##............#
##...##..............#
###..###..............# #
#..# #....#.........# #..#
#....##........# #....
###.....##


You could see an ogre, a gnoll sergeant and 4 gnolls.

Vanquished Creatures
  Grinder (D:3)
  An ogre (D:4)
  An orc priest (D:4)
  Terence (D:3)
  Natasha (twice) (D:3)
  2 orc wizards (D:4)
  A worker ant (D:4)
  Robin (D:3)
  6 adders
  An ooze (D:4)
  An adder skeleton (D:4)
  A worm (D:2)
  A dart slug (D:3)
  3 leopard geckos
  11 orcs
  6 giant cockroaches
  16 goblins
  14 hobgoblins
  10 jackals
  4 quokkas
  9 bats
  4 frilled lizards
  A jackal skeleton (D:4)
  9 kobolds
  A leopard gecko skeleton (D:3)
  5 rats
113 creatures vanquished.

Notes
Turn   | Place    | Note
-------+----------+-------------------------------------------
     0 | D:1      | Hugehornet the Gargoyle Fighter began the quest for the
                  | Orb.
     0 | D:1      | Reached XP level 1. HP: 14/14 MP: 1/1
    36 | D:1      | Reached skill level 2 in Axes
   122 | D:1      | Reached XP level 2. HP: 19/19 MP: 2/2
   438 | D:1      | Reached skill level 3 in Axes
   573 | D:2      | Reached XP level 3. HP: 23/23 MP: 3/3
   745 | D:2      | Reached XP level 4. HP: 28/28 MP: 4/4
  1057 | D:2      | Found a sacrificial altar of Ru.
  1182 | D:2      | Reached skill level 4 in Axes
  1329 | D:3      | Noticed Terence
  1337 | D:3      | Killed Terence
  1361 | D:3      | Noticed Robin
  1364 | D:3      | Reached XP level 5. HP: 25/32 MP: 5/5
  1366 | D:3      | Killed Robin
  1597 | D:3      | Reached skill level 5 in Axes
  1710 | D:3      | Noticed Grinder
  1733 | D:3      | Paralysed by Grinder for 6 turns
  1747 | D:3      | Killed Grinder
  1747 | D:3      | Reached skill level 6 in Axes
  1747 | D:3      | Reached XP level 6. HP: 36/37 MP: 6/6
  1819 | D:3      | Found a glowing golden altar of the Shining One.
  1869 | D:3      | Noticed Natasha
  1872 | D:3      | Killed Natasha
  2115 | D:3      | Noticed Natasha
  2124 | D:3      | Killed Natasha
  2124 | D:3      | Reached XP level 7. HP: 38/41 MP: 7/7
  2241 | D:4      | Reached skill level 7 in Axes
  2960 | D:4      | Mangled by an ogre

Illustrated notes

Levels and vault maps discovered:
D:1:      heliophobic_arrival_glass_houses, layout_rooms, st_stairs_12
D:2:      layout_rooms, first_ration, nrook_uturn,
          nicolae_ru_the_path_less_chosen
D:3:      layout_basic, overflow_temple_1_default, uniq_natasha, uniq_robin,
          uniq_terence, uniq_grinder
D:4:      layout_cave_pods, hellmonk_ghost_happy_afterlife, serial_glass,
          glass_columns_b, glass_columns_a

Skill      XL: |  1  2  3  4  5  6  7 |
---------------+----------------------+-----
Axes           | 2 3 4 6 7 |  7.5
Fighting       | |  3.2
Armour         | |  3.2
Shields        | |  3.2

Action                   |  1- 3 |  4- 6 |  7- 9 || total
-------------------------+-------+-------+-------++-------
Melee: War axe           |   113 |   197 |    82 ||   392
  Use: Potion            |       |     4 |     4 ||     8
       Scroll            |       |       |     3 ||     3
  Eat: Chunk             |       |     5 |     2 ||     7
Armor: Scale mail        |    20 |       |       ||    20
       Chain mail        |    59 |   145 |    51 ||   255
Dodge: Dodged            |    42 |    54 |    12 ||   108
Block: Kite shield       |    81 |   108 |    35 ||   224
